 Dungeon Crawl Stone Soup version 0.28-a0-1143-gcf6077d4cc (webtiles) character file.

Game seed: 10634449861822380551

44 spaghetti the Skirmisher (level 3, -9/63 HPs)
             Began as an Ogre Berserker on Dec 14, 2021.
             Was a Follower of Trog.
             Splashed by a jelly's acid (10 damage)
             ... on level 3 of the Dungeon.
             The game lasted 00:02:28 (2352 turns).

spaghetti the Skirmisher (Ogre Berserker)           Turns: 2352, Time: 00:02:28

Health: -9/63      AC:  0    Str: 23    XL:     3   Next: 62%
Magic:  3/3        EV: 10    Int:  8    God:    Trog [*.....]
Gold:   75         SH:  0    Dex:  8    Spells: 2/2 levels left

rFire   . . .      SeeInvis .   a - +0 mace {mace}
rCold   . . .      Faith    .   (no shield)
rNeg    . . .      Spirit   .   b - +0 animal skin
rPois   .          Reflect  .   f - +1 hat
rElec   .          Harm     .   (no cloak)
rCorr   .          Rampage  .   (gloves unavailable)
Will    .....                   (boots unavailable)
Stlth   ..........              (no amulet)
HPRegen 0.20/turn               (no ring)
MPRegen 0.08/turn               (no ring)

@: berserking, corroded, very quick
A: large, unfitting armour, tough skin 1
a: Renounce Religion, Berserk


You were on level 3 of the Dungeon.
You worshipped Trog.
Trog was aware of your devotion.
You visited 1 branch of the dungeon, and saw 3 of its levels.

You collected 75 gold pieces.


Innate Abilities, Weirdness & Mutations

You are too large for most types of armour.
You have tough skin. (AC +1)


   Skills:
 + Level 5.1 Fighting
 + Level 3.4 Maces & Flails
 - Level 2.6 Dodging


You had 2 spell levels left.
You didn't know any spells.
Your spell library contained the following spells:

 Spells                   Type           Power      Damage    Failure   Level
 Tukima's Dance           Hex            0%         N/A       78%         3
 Passage of Golubria      Tloc           0%         N/A       99%         4
 Yara's Violent Unravell  Hex/Tmut       0%         3d3       100%        5

Inventory:

Hand Weapons
 a - a +0 mace (weapon) {mace}
Missiles
 c - 35 poisoned darts (quivered) {throwing}
 d - 55 arrows
 e - 23 stones {throwing}
Armour
 b - a +0 animal skin (worn)
 f - a +1 hat (worn)
   (You found it on level 2 of the Dungeon)

Dungeon Overview and Level Annotations

Branches:
Dungeon (3/15)

Altars:
Makhleb
Nemelex Xobeh

##.......###.........#
##..PPPP...+.........+
##..P.....##.........#
##..P._..####.......#.#
....P....# ##.....###.
.........# ##...##
##.##.##.# ##.##
#.......# #J#
####.##########@#######
#.#...)...##........
#.#.#####.#...######
#.#.# #......# ##.#.###
#.#...##
#.#...<###.##.##
##.#.#........#
###.#####.####
#.#####.#


You could see a jelly.


Message History

No target in view!
No target in view!
There is a stone staircase leading down here.
There is an open door here.
You open the door.
There is an open door here.
You open the door.
There is an open door here.
A bat comes into view. 😎 HP[+10]
Your hp is fully restored (42).
A bat is nearby!
You sock the bat!
You kill the bat!
Trog accepts your kill.
No target in view!
No target in view!
No target in view!
No target in view!
No target in view!
No target in view!
No target in view!
No target in view!
No target in view!
No target in view!
No target in view!
No target in view!
Done exploring.
Done exploring.
Done exploring.
(D) Dungeon
Where to? (Enter - D:2, ? - help)
There is a stone staircase leading down here.
You climb downwards.
There is a stone staircase leading up here.
Unknown command.
Unknown command.
Found a sparkling altar of Nemelex Xobeh.
g - a fizzy brown potion It was a potion of curing.
You feel better.
You now have 75 gold pieces (gained 8).
You hear a distant slurping noise.
You hear a distant slurping noise.
A hobgoblin comes into view.
The hobgoblin shouts!
You aren't carrying any scrolls.
Unknown command.
The hobgoblin closely misses you.
You hit the hobgoblin.
You kill the hobgoblin!
Trog accepts your kill.
No target in view!
No target in view!
No target in view!
No target in view!
No target in view!
No target in view!
No target in view!
No target in view!
No target in view!
No target in view!
d - 55 arrows (gained 10)
Found an escape hatch in the ceiling.
There is an escape hatch in the ceiling here.
You see here a +0 quarterstaff {staff}.
A jelly comes into view.
The jelly closely misses you.
You barely miss the jelly. The jelly barely misses you.
You hit the jelly.
Your hands burn!
The jelly closely misses you.
The jelly hits you but does no damage. 😕 HP[-4]
You take 4 damage, and now have 38/42 hp.
You hit the jelly. The acid corrodes you!
Your hands burn!
The jelly hits you.
You are splashed with acid! 😮 HP[-14]
You take 14 damage, and now have 24/42 hp.
MASSIVE DAMAGE!! (PAUSE)
You aren't carrying any items that you can evoke.
Unknown command.
You hit the jelly.
Your hands burn!
The jelly hits you.
* * * LOW HITPOINT WARNING * * *
You are splashed with acid!
* * * LOW HITPOINT WARNING * * *
😨 HP[-12]
You take 12 damage, and now have 12/42 hp.
MASSIVE DAMAGE!! (PAUSE) 😨 HP[+1]
A red film seems to cover your vision as you go berserk!
You feel yourself moving faster!
You feel mighty! The jelly hits you.
* * * LOW HITPOINT WARNING * * *
You are splashed with acid!
* * * LOW HITPOINT WARNING * * *
😱 HP[-5]
You now have 63 max hp (+21).
You sock the jelly!
Your hands burn!
* * * LOW HITPOINT WARNING * * *
The jelly hits you.
* * * LOW HITPOINT WARNING * * *
You are splashed with acid!
You die...

Skill      XL: |  1  2  3 |
---------------+----------+-----
Maces & Flails | 3 |  3.4
Fighting       | 5 |  5.1
Dodging        | |  2.6

Action                   || total
-------------------------++-------
Melee: Mace              ||   120
Throw: Dart              ||     8
Invok: Berserk           ||     3
  Use: Scroll            ||     4
       Potion            ||     3
Armor: Animal skin       ||    46
Dodge: Dodged            ||    93

Levels and vault maps discovered:
D:1:      roderic_crossed_star, layout_basic, minmay_surrounded
D:2:      layout_basic, ebering_ecumenical_altar_mist, basic_altar
D:3:      layout_loops_corners, mainiacjoe_overflow_chevrons,
          kennysheep_nondescript, uniq_sigmund

Notes
Turn   | Place    | Note
-------+----------+-------------------------------------------
     0 | D:1      | spaghetti the Ogre Berserker began the quest for the Orb.
     0 | D:1      | Reached XP level 1. HP: 24/24 MP: 1/1
     0 | D:1      | magus.rc [v1.9.6]
   535 | D:1      | Reached skill level 3 in Maces & Flails
   535 | D:1      | Reached XP level 2. HP: 25/33 MP: 2/2
  1271 | D:2      | Found a burning altar of Makhleb.
  1278 | D:2      | Reached XP level 3. HP: 40/40 MP: 3/3
  1425 | D:2      | Found a faded altar of an unknown god.
  1731 | D:2      | Reached skill level 5 in Fighting
  1954 | D:2      | You add the spells Tukima's Dance, Passage of Golubria and
                  | Yara's Violent Unravelling to your library.
  2208 | D:3      | Found a sparkling altar of Nemelex Xobeh.
  2351 | D:3      | HP: 8/63 [acid (9)]
  2352 | D:3      | HP: 3/63 [acid (5)]
  2352 | D:3      | HP: 1/63 [jelly (2)]
  2352 | D:3      | Splashed by a jelly's acid

Vanquished Creatures
  3 endoplasms
  2 giant cockroaches
  A goblin (D:1)
  7 hobgoblins
  4 jackals (D:1)
  3 quokkas (D:1)
  3 ball pythons
  5 bats
  2 frilled lizards (D:2)
  6 kobolds
  2 rats (D:1)
38 creatures vanquished.

Table legend:
 A = Non-vault XP
 B = Vault XP
 C = Vault XP percentage of total XP
 D = Non-vault monster count
 E = Vault monster count
 F = Vault count percentage of total count
                 A         B        C        D         E       F
            +---------+---------+-------+---------+---------+-------
      Total |      61 |       3 |   4.7 |      35 |       3 |   7.9
            +---------+---------+-------+---------+---------+-------
        D:1 |      30 |       3 |   9.1 |      17 |       3 |  15.0
        D:2 |      29 |       0 |   0.0 |      17 |       0 |   0.0
        D:3 |       2 |       0 |   0.0 |       1 |       0 |   0.0
            +---------+---------+-------+---------+---------+-------

Illustrated notes

Table legend:
 A = Kills in this place as a percentage of kills in entire the game.
 B = Kills by you in this place as a percentage of kills by you in the entire game.
 C = Kills by friends in this place as a percentage of kills by friends in the entire game.
 D = Other kills in this place as a percentage of other kills in the entire game.
 E = Experience gained in this place as a percentage of experience gained in the entire game.
 F = Experience gained in this place divided by the number of levels of this place that you have seen.
                   A       B       C       D       E      F
               +-------+-------+-------+-------+-------+----------------------
         Total | 100.0 | 100.0 |   N/A |   N/A | 100.0 |  21.3
       Dungeon | 100.0 | 100.0 |   N/A |   N/A | 100.0 |  21.3
               +-------+-------+-------+-------+-------+----------------------

Table legend: (Time is in decaauts)
 A = Elapsed time spent in this place.
 B = Non-inter-level travel time spent in this place.
 C = Inter-level travel time spent in this place.
 D = Time resting spent in this place.
 E = Time spent auto-exploring this place.
 F = Levels seen in this place.
 G = Mean time per level.
                   A        B        C        D        E       F      G
               +--------+--------+--------+--------+--------+-----+--------+
         Total |   2395 |   2371 |     24 |    747 |   1317 |   3 |  798.3 |
       Dungeon |   2395 |   2371 |     24 |    747 |   1317 |   3 |  798.3 |
               +--------+--------+--------+--------+--------+-----+--------+

Top non-repeatable levels by time:
     D:1: 1304 daAuts
     D:2: 940 daAuts
     D:3: 150 daAuts
